 Dungeon Crawl Stone Soup version 0.32-a0-685-g93135e86f0 (webtiles) character file.

Game seed: 5477148834230376318

76 Nietzsche the Sneak (level 4, 0/33 HPs)
             Began as a Vampire Enchanter on Mar 12, 2024.
             Slain by an orc
             ... wielding a +0 trident
              (4 damage)
             ... on level 2 of the Dungeon.
             The game lasted 00:03:08 (1492 turns).

Nietzsche the Sneak (Vampire Enchanter)             Turns: 1492, Time: 00:03:08

Health: 0/33       AC:  2    Str:  6    XL:     4   Next: 12%
Magic:  7/7        EV: 13    Int: 18    God:
Gold:   82         SH:  0    Dex: 18    Spells: 7/7 levels left

rFire   . . .        a - +1 dagger
rCold   . . .        (no shield)
rNeg    . . .        b - +0 robe
rPois   +            (no helmet)
rElec   .            (no cloak)
rCorr   .            (no gloves)
SInv    +            (no boots)
Will    .....        (no amulet)
Stlth   +++          (no ring)
HPRegen 0.45/turn    (no ring)
MPRegen 0.10/turn

%: no passive effects
@: healing quickly
A: alive, fangs 3, see invisible, vampiric 2, agile 1, sense surroundings 1,
poison resistance
a: Exsanguinate, Convert to Beogh


You were on level 2 of the Dungeon.
You visited 1 branch of the dungeon, and saw 2 of its levels.

You collected 82 gold pieces.

Inventory:

Hand Weapons
 a - a +1 dagger (weapon)
Armour
 b - a +0 robe (worn)
Scrolls
 f - 3 scrolls of identify {unknown}
 h - a scroll of blinking {unknown}
 i - a scroll of poison {unknown}
 j - 2 scrolls of amnesia {unknown}
Potions
 c - a potion of ambrosia {unknown}
 d - a potion of enlightenment {unknown}
 e - a potion of curing {unknown}
 g - a potion of cancellation {unknown}


   Skills:
 * Level 1.8 Fighting
 + Level 1.6 Short Blades
 + Level 2.6 Dodging
 + Level 5.5 Stealth
 + Level 2.0 Spellcasting
 + Level 4.9 Hexes


You had 7 spell levels left.
You didn't know any spells.
Your spell library contained the following spells:

 Spells                   Type           Power      Damage    Failure   Level
 Confusing Touch          Hex            19%        N/A       7%          3
 Tukima's Dance           Hex            19%        N/A       7%          3
 Ensorcelled Hibernation  Hex/Ice        20%        N/A       10%         2
 Magic Dart               Conj           4%         1d3       19%         1
 Summon Small Mammal      Summ           4%         N/A       19%         1
 Dazzling Flash           Conj/Hex       20%        N/A       21%         3
 Blink                    Tloc           2%         N/A       26%         2
 Call Imp                 Summ           2%         N/A       26%         2
 Call Canine Familiar     Summ           1%         N/A       47%         3
 Passwall                 Erth           1%         N/A       47%         3
 Swiftness                Air            1%         N/A       47%         3
 Summon Blazeheart Golem  Fire/Summ      1%         N/A       87%         4


Dungeon Overview and Level Annotations

Branches:
Dungeon (2/15)

Altars:


Innate Abilities, Weirdness & Mutations

Your natural rate of healing is accelerated.
You have razor-sharp teeth.
You have supernaturally acute eyesight. (SInv)
You are afflicted with vampirism and can become a bat while bloodless.
You are agile. (Dex +4, Str/Int -1)
You passively map a small area around you.
Your system is resistant to poisons. (rPois)


Message History

The ball python grabs you. The ball python constricts you.
You hit the ball python.
You kill the ball python!
No target in view!
No target in view!
No target in view!
You see here a ball python corpse.
c - a green potion You see here a rat corpse.
You barely miss the orc.
The orc shouts! x2
The orc hits you with a +0 trident.
The orc priest shouts!
You hit the orc.
The orc is heavily wounded.
The orc closely misses you.
You hit the orc.
The orc is severely wounded.
The orc priest looks satisfied for a moment.
The orc barely misses you.
You closely miss the orc.
The orc is severely wounded.
The orc priest mumbles some strange prayers to Beogh against you.
Beogh smites you! The orc closely misses you. The orc hits you with a +0 club.
You are too injured to fight recklessly!
The orc barely misses you. The orc attacks as it pursues you!
The orc closely misses you. The orc attacks as it pursues you!
The orc closely misses you.
The orc priest attacks as it pursues you!
The orc priest hits you with a +0 hand axe.
* * * LOW HITPOINT WARNING * * *
The orc attacks as it pursues you!
The orc hits you from afar with a +0 trident.
* * * LOW HITPOINT WARNING * * *
It was a potion of mutation.
You feel extremely strange.
You feel agile.
You feel resistant to poisons.
You feel a strange attunement to the structure of the dungeons.
The orc barely misses you.
The orc hits you from afar with a +0 trident.
You die...

#.......##...#.#
#.......####...###
##
############.....#
##. #..........# ,
... #.###.####.# *
.#.
####..........# #.
, .........######
... ............#
> ##.
.......@....# #.
......oo##### #.
......oo.# ## ,
.........# *
.........#
.........# *
.........# *
..........,,
########## ,


You could see an orc priest and 3 orcs.

Vanquished Creatures
  A gnoll (D:1)
  2 adders (D:2)
  A dart slug (D:2)
  9 ball pythons
  5 endoplasms (D:1)
  5 goblins
  2 hobgoblins (D:2)
  4 jackals (D:1)
  3 quokkas
  3 frilled lizards
  3 kobolds (D:1)
  6 rats
44 creatures vanquished.

Notes
Turn   | Place    | Note
-------+----------+-------------------------------------------
     0 | D:1      | Nietzsche the Vampire Enchanter began the quest for the
                  | Orb.
     0 | D:1      | Reached XP level 1. HP: 13/13 MP: 3/3
   144 | D:1      | Reached skill level 1 in Fighting
   144 | D:1      | Reached XP level 2. HP: 21/21 MP: 5/5
   237 | D:1      | Reached skill level 5 in Stealth
   343 | D:1      | Gained mutation: You are afflicted with vampirism and can
                  | become a bat while bloodless. [Vampire growth]
   343 | D:1      | Reached XP level 3. HP: 23/26 MP: 6/6
  1183 | D:2      | Reached XP level 4. HP: 33/33 MP: 7/7
  1492 | D:2      | Gained mutation: You are agile. (Dex +4, Str/Int -1)
                  | [potion of mutation]
  1492 | D:2      | Gained mutation: Your system is resistant to poisons.
                  | (rPois) [potion of mutation]
  1492 | D:2      | Gained mutation: You passively map a small area around you.
                  | [potion of mutation]
  1492 | D:2      | Slain by an orc

Illustrated notes

Levels and vault maps discovered:
D:1:      lightli_arrival_farm, layout_basic, minmay_split_cup_large
D:2:      layout_basic

Skill      XL: |  1  2 |
---------------+-------+-----
Fighting       | 1 |  1.8
Stealth        | 5 |  5.5
Short Blades   | |  1.6
Dodging        | |  2.6
Spellcasting   | |  2.0
Hexes          | |  4.9

Action                     |  1- 3 |  4- 6 || total
---------------------------+-------+-------++-------
  Melee: Dagger            |   131 |    18 ||   149
         Bite              |     9 |     1 ||    10
    Use: Potion            |       |     3 ||     3
   Stab: Sleeping          |    11 |     2 ||    13
 Armour: Robe              |    74 |    16 ||    90
  Dodge: Dodged            |    64 |    16 ||    80

Table legend: (Time is in decaauts)
 A = Elapsed time spent in this place.
 B = Non-inter-level travel time spent in this place.
 C = Inter-level travel time spent in this place.
 D = Time resting spent in this place.
 E = Time spent auto-exploring this place.
 F = Levels seen in this place.
 G = Mean time per level.
                   A        B        C        D        E       F      G
               +--------+--------+--------+--------+--------+-----+--------+
         Total |   1502 |   1502 |      0 |      0 |   1024 |   2 |  751.0 |
       Dungeon |   1502 |   1502 |      0 |      0 |   1024 |   2 |  751.0 |
               +--------+--------+--------+--------+--------+-----+--------+

Top non-repeatable levels by time:
     D:1: 997 daAuts
     D:2: 504 daAuts
